 Dungeon Crawl Stone Soup version 0.19.5 (webtiles) character file.

92 tof the Grave Robber (level 4, 31/31 HPs)
             Began as a Demonspawn Necromancer on Mar 12, 2017.
             Quit the game on level 2 of the Dungeon on Mar 13, 2017.
             The game lasted 00:15:09 (2747 turns).

tof the Grave Robber (Demonspawn Necromancer)       Turns: 2747, Time: 00:15:10

Health: 31/31      AC:  2    Str:  8    XL:     4   Next: 35%
Magic:  7/7        EV: 12    Int: 18    God:
Gold:   97         SH:  3    Dex: 13    Spells: 3 memorised, 1 level left

rFire  x x .     SeeInvis .     (no weapon)
rCold  + + .     Gourm    .     f - +0 robe
rNeg   . . .     Faith    .     (no shield)
rPois  .         Spirit   .     (no helmet)
rElec  .         Reflect  +     (no cloak)
rCorr  .         Harm     .     (no gloves)
MR     .....                    (no boots)
Stlth  ++........               p - +3 amulet of reflection
                                q - ring of ice
                                k - ring of ice

@: no status effects
A: spiny 1, sanguine armour 1
a: no special abilities


You were on level 2 of the Dungeon.
You were very hungry.

You visited 1 branch of the dungeon, and saw 3 of its levels.

You collected 97 gold pieces.

Inventory:

Armour
 f - a +0 robe (worn)
Jewellery
 k - a ring of ice (left hand)
 p - a +3 amulet of reflection (around neck)
 q - a ring of ice (right hand)
Scrolls
 a - a scroll of fog {unknown}
 e - 2 scrolls of identify {unknown}
 h - a scroll of magic mapping {unknown}
 n - a scroll of remove curse {unknown}
Potions
 g - a potion of lignification {unknown}
 l - a potion of agility {unknown}
 m - 2 potions of haste {unknown}
Books
 b - a book of Necromancy

   Spells                             Type                      Level
   a - Pain                           Necromancy                   1
   b - Animate Skeleton               Necromancy                   1
   c - Vampiric Draining              Necromancy                   3
   d - Regeneration                   Charms/Necromancy            3
   e - Animate Dead                   Necromancy                   4
   f - Control Undead                 Necromancy                   4
Comestibles
 c - 3 bread rations
 d - a slice of pizza
 i - 2 meat rations
 j - a beef jerky


   Skills:
 - Level 0.4 Fighting
 - Level 1.7 Dodging
 - Level 1.7 Stealth
 - Level 2.0 Spellcasting
 + Level 6.4 Necromancy


You had one spell level left.
You knew the following spells:

 Your Spells              Type           Power        Failure   Level  Hunger
a - Pain                  Necr           ###.         1%          1    #......
b - Animate Skeleton      Necr           N/A          1%          1    #......
c - Animate Dead          Necr           N/A          17%         4    #####..


Dungeon Overview and Level Annotations

Branches:
Dungeon (3/15)

Altars:

Annotations:
D:3 Felix's ghost, amateur TeCj


Innate Abilities, Weirdness & Mutations

You are partially covered in sharp spines.
When seriously injured, your bleeding wounds create armour. (AC +0)


Message History

Cast which spell? (? or * to list)
There is nothing here that can be animated!
Casting: Animate Skeleton
Confirm with . or Enter, or press ? or * to list all spells.
You call on the dead to rise...
Nothing appears to happen.
You are feeling very hungry.
The water moccasin skeleton bites you.
Your blood congeals into armour.
The water moccasin skeleton is struck by your spines.
The water moccasin skeleton misses you. Felix's ghost is struck by your spines.
Felix's ghost misses you.
You climb upwards.
There is a stone staircase leading down here.
You see here 3 stones.
You start resting.
Your blood armour dries and flakes away.
You start resting.
Magic restored.
You start resting.
HP restored.
Are you sure you want to abandon this character and quit the game? (Confirm with "yes".)

#.....>...#
##......
#..)......#
#######
#.........#
#.........#
##.......##
#.........#
#.........#
#......)(.#
#........@#
#.........#
##.......##
##.....##
#######


There were no monsters in sight!

Vanquished Creatures
  2 adders (D:2)
  A gnoll (D:1)
  An ooze (D:2)
  A worm (D:2)
  A dart slug (D:1)
  2 leopard geckos (D:2)
  2 orcs (D:3)
  A giant cockroach (D:2)
  5 goblins
  9 hobgoblins
  2 jackals (D:2)
  7 kobolds
  A quokka (D:2)
  3 bats
  8 frilled lizards
  3 rats
49 creatures vanquished.

Vanquished Creatures (collateral kills)
  An ooze (D:3)
  A rat (D:3)
2 creatures vanquished.

Grand Total: 51 creatures vanquished

Notes
Turn   | Place    | Note
-------+----------+-------------------------------------------
     0 | D:1      | tof the Demonspawn Necromancer began the quest for the Orb.
     0 | D:1      | Reached XP level 1. HP: 13/13 MP: 3/3
   362 | D:1      | Reached skill level 5 in Necromancy
   362 | D:1      | Gained mutation: When seriously injured, your bleeding wounds create armour. (AC +0) [demonic ancestry]
   362 | D:1      | Reached XP level 2. HP: 8/19 MP: 0/5
   977 | D:2      | Reached XP level 3. HP: 15/24 MP: 0/6
  1402 | D:2      | Learned a level 1 spell: Animate Skeleton
  1713 | D:2      | Reached skill level 6 in Necromancy
  1785 | D:2      | Gained mutation: You are partially covered in sharp spines. [demonic ancestry]
  1785 | D:2      | Reached XP level 4. HP: 22/31 MP: 3/7
  2030 | D:2      | Learned a level 4 spell: Animate Dead
  2278 | D:3      | Noticed Felix's ghost (amateur TeCj)
  2747 | D:2      | Quit the game

Skill      XL: |  1  2  3 |
---------------+----------+-----
Necromancy     | 5 6 |  6.4
Fighting       | |  0.4
Dodging        | |  1.7
Stealth        | |  1.7
Spellcasting   | |  2.0

Action                   |  1- 3 |  4- 6 || total
-------------------------+-------+-------++-------
Melee: Unarmed           |     9 |     4 ||    13
 Cast: Pain              |    65 |    25 ||    90
       Animate Dead      |       |     3 ||     3
       Animate Skeleton  |       |     1 ||     1
  Eat: Chunk             |     4 |     2 ||     6
Armor: Robe              |     2 |     5 ||     7
Dodge: Dodged            |     6 |    14 ||    20
Block: Other             |       |     5 ||     5
